 Dungeon Crawl Stone Soup version 0.30-a0-360-g447f08457e (webtiles) character file.

Game seed: 637129425533988726

32980 HoaS the Markskobold (level 14, -3/96 HPs)
             Began as a Kobold Hunter on Nov 13, 2022.
             Was the Champion of Okawaru.
             Slain by a catoblepas (14 damage)
             ... while petrified by a catoblepas
             ... on level 5 of the Lair of Beasts.
             The game lasted 00:27:57 (15895 turns).

HoaS the Markskobold (Kobold Hunter)               Turns: 15895, Time: 00:27:58

Health: -3/96      AC: 14    Str:  9    XL:     14   Next: 5%
Magic:  19/19      EV:  3    Int: 17    God:    Okawaru [******]
Gold:   961        SH:  0    Dex: 22    Spells: 13/13 levels left

rFire   + + .      SeeInvis .    a - +4 shortbow (vorpal)
rCold   . . .      Faith    .    (shield currently unavailable)
rNeg    + + +      Spirit   .    z - +1 steam dragon scales
rPois   ∞          Reflect  .    f - +1 helmet
rElec   .          Harm     .    i - +1 cloak
rCorr   .          Rampage  .    o - +1 pair of gloves
Will    ++...                    n - +1 pair of boots
Stlth   +++.......               (no amulet)
HPRegen 0.36/turn                t - ring "Edyabutua" {rF+ Will+ Int+6}
MPRegen 0.16/turn                y - ring of protection from fire

@: petrified, studying Ranged Weapons
A: small, no large weapons, nightstalker 3
a: Renounce Religion, Heroism, Finesse, Duel


You were on level 5 of the Lair of Beasts.
You worshipped Okawaru.
Okawaru was exalted by your worship.
You visited 2 branches of the dungeon, and saw 15 of its levels.
You also visited: Bailey.

You collected 1765 gold pieces.
You spent 804 gold pieces at shops.

Inventory:

Hand Weapons
 a - a +4 vorpal shortbow (weapon)
 u - a +0 arbalest
 C - a +2 triple crossbow of electrocution
Missiles
 d - a throwing net
Armour
 f - a +1 helmet (worn)
 i - a +1 cloak (worn)
 n - a +1 pair of boots (worn)
 o - a +1 pair of gloves (worn)
 z - +1 steam dragon scales (worn)
Jewellery
 c - a ring of fire
 t - the ring "Edyabutua" (left hand) {rF+ Will+ Int+6}
   (You found it on level 9 of the Dungeon)

   [ring of intelligence]

   Int:       It affects your intelligence (+6).
   rF:        It protects you from fire.
   Will:      It increases your willpower.
 y - a ring of protection from fire (right hand)
 I - a ring of protection from cold
Wands
 s - a wand of iceblast (14)
 v - a wand of polymorph (4)
 F - a wand of flame (5)
 H - a wand of mindburst (8)
Scrolls
 b - 4 scrolls of immolation
 q - 5 scrolls of teleportation
 D - 4 scrolls of fog
 G - a scroll of silence
 J - a scroll of identify
 K - a scroll of fear
Potions
 e - 2 potions of cancellation
 g - a potion of flight
 h - a potion of invisibility {unknown}
 j - a potion of mutation {unknown}
 k - 3 potions of curing
 m - 3 potions of berserk rage
 p - 3 potions of attraction
 r - a potion of brilliance {unknown}
 w - a potion of resistance {unknown}
 x - 3 potions of might
 A - 2 potions of ambrosia {unknown}
 B - 3 potions of haste {unknown}
 E - a potion of lignification {unknown}


   Skills:
 * Level 14.6 Fighting
 - Level 16.0 Ranged Weapons
 * Level 15.9 Dodging
 - Level 1.3 Stealth
 + Level 6.9 Invocations


You had 13 spell levels left.
You didn't know any spells.
Your spell library contained the following spells:

 Spells                   Type           Power      Damage    Failure   Level
 Freeze                   Ice            0%         1d3       24%         1
 Magic Dart               Conj           0%         1d3       24%         1
 Cigotuvi's Dreadful Rot  Necr/Pois/Air  0%         N/A       34%         2
 Ensorcelled Hibernation  Hex/Ice        0%         N/A       34%         2
 Poisonous Vapours        Pois/Air       0%         N/A       34%         2
 Searing Ray              Conj           0%         2d4       34%         2
 Frozen Ramparts          Ice            0%         1d1       56%         3
 Hailstorm                Conj/Ice       0%         3d3       56%         3
 Mephitic Cloud           Conj/Pois/Air  0%         N/A       56%         3
 Spider Form              Tmut/Pois      0%         N/A       56%         3
 Teleport Other           Tloc           0%         N/A       56%         3
 Vhi's Electric Charge    Tloc/Air       0%         N/A       56%         3
 Anguish                  Hex/Necr       0%         N/A       93%         4
 Fulminant Prism          Conj/Hex       0%         3d5       93%         4
 Lightning Bolt           Conj/Air       0%         1d11      100%        5
 Chain Lightning          Conj/Air       0%         N/A       100%        9


Dungeon Overview and Level Annotations

Branches:
Dungeon (11/15)              Lair (4/5) D:10          Swamp (0/4) Lair:2
  Snake (0/4) Lair:2        Slime (0/5) Lair:5          Orc (0/2) D:9
 Bailey (visited)
 Temple: D:4-7

Altars:
Ashenzari
Elyvilon
Gozag
Kikubaaqudgha
Nemelex Xobeh
Okawaru
Qazlal
Sif Muna
Trog
Uskayaw
Vehumet
Xom
Yredelemnul
Zin
Jiyva

Shops:
D:7 ?   D:8 *   D:9 ?


Innate Abilities, Weirdness & Mutations

You are small and have problems with some larger weapons.
You are completely attuned to the shadows.


Message History

You are engulfed in calcifying dust.
The catoblepas breathes a plume of calcifying dust at you.
The blast of calcifying dust hits you but does no damage.
The catoblepas gores you but does no damage.
The catoblepas gores you.
You turn to flesh and can move again.
Unknown command.
You shoot an arrow.
The arrow hits the catoblepas but does no damage.
The catoblepas is heavily wounded.
You shoot an arrow. The arrow hits the catoblepas.
The catoblepas is severely wounded.
The catoblepas gores you!!
* * * LOW HITPOINT WARNING * * *
You shoot an arrow. The arrow hits the catoblepas!
The catoblepas is almost dead.
The catoblepas breathes a plume of calcifying dust at you.
The blast of calcifying dust hits you but does no damage.
You shoot an arrow.
The arrow hits the catoblepas but does no damage.
The catoblepas is almost dead.
You are engulfed in calcifying dust.
You are slowing down.
The catoblepas gores you!!
* * * LOW HITPOINT WARNING * * *
Unknown command.
You feel much better.
You are engulfed in calcifying dust.
Your limbs have turned to stone.
The catoblepas breathes a plume of calcifying dust at you.
The blast of calcifying dust hits you.
* * * LOW HITPOINT WARNING * * *
You have turned to stone.
You are engulfed in calcifying dust.
The catoblepas gores you!!
* * * LOW HITPOINT WARNING * * *
You are engulfed in calcifying dust.
The catoblepas gores you.
You are engulfed in calcifying dust.
The catoblepas breathes a plume of calcifying dust at you.
The blast of calcifying dust hits you but does no damage.
The catoblepas gores you!!
You die...

...................#
...................#
...................#
...................#
...................#
8..................#
.......8...........#
....8.............####
......†8Y@§§#######
...8......###
#......### ##.....P#
##...###PP# ##...##
### #..§## #..##
#.§....


You could see a catoblepas.

Vanquished Creatures
  Harold (D:9)
  Erolcha (D:8)
  A hydra (Lair:5)
  A catoblepas (Lair:5)
  A boulder beetle (Lair:5)
  A two-headed ogre (D:7)
  An orc high priest (Bailey)
  A fire crab (D:10)
  2 bog bodies (Lair:2)
  3 oklob plants
  An orc sorcerer (Bailey)
  3 black mambas (Lair:5)
  A gargoyle (D:10)
  16 cane toads
  10 rime drakes (Lair:3)
  Psyche (D:9)
  6 komodo dragons
  A polar bear (Lair:1)
  4 blink frogs (Lair:3)
  5 dream sheep (Lair:5)
  4 wyverns
  30 yaks
  3 basilisks
  2 wraiths
  13 steam dragons
  3 nagas (Lair:2)
  2 acid dragons
  6 water moccasins
  13 orc warriors
  2 ice beasts (D:5)
  A sky beast (D:8)
  2 black bears
  5 ogres
  4 centaurs
  5 wolves (Lair:1)
  A kobold brigand (D:8)
  A necrophage (D:4)
  9 bullfrogs
  A scorpion (D:7)
  4 wights (D:8)
  6 killer bees (D:8)
  4 howler monkeys
  4 electric eels
  5 hounds
  A jelly (D:4)
  6 orc priests
  Crazy Yiuf (D:7)
  Jessica (D:2)
  12 orc wizards
  An iguana (D:4)
  Robin (D:1)
  21 gnolls
  4 adders
  A shadow imp (D:7)
  An ufetubus (D:4)
  A worm (D:3)
  3 dart slugs
  24 orcs
  12 endoplasms
  4 giant cockroaches (D:1)
  25 goblins
  18 hobgoblins
  9 jackals
  2 quokkas
  8 ball pythons
  6 bats
  6 frilled lizards
  13 kobolds
  7 rats
379 creatures vanquished.

Vanquished Creatures (others)
  A rime drake (Lair:3)
  12 fungi
  14 plants
27 creatures vanquished.

Grand Total: 406 creatures vanquished

Notes
Turn   | Place    | Note
-------+----------+-------------------------------------------
     0 | D:1      | HoaS the Kobold Hunter began the quest for the Orb.
     0 | D:1      | Reached XP level 1. HP: 12/12 MP: 1/1
   113 | D:1      | Reached XP level 2. HP: 17/17 MP: 2/2
   170 | D:1      | Reached skill level 6 in Ranged Weapons
   198 | D:1      | Reached XP level 3. HP: 21/21 MP: 3/3
   498 | D:1      | Reached skill level 7 in Ranged Weapons
   967 | D:2      | Reached XP level 4. HP: 26/26 MP: 4/4
  1053 | D:2      | Noticed Robin
  1186 | D:1      | Killed Robin
  1663 | D:2      | Noticed Jessica
  1665 | D:2      | Killed Jessica
  1666 | D:2      | Reached skill level 8 in Ranged Weapons
  1666 | D:2      | Reached XP level 5. HP: 30/30 MP: 5/5
  2575 | D:3      | Reached skill level 9 in Ranged Weapons
  2575 | D:3      | Reached XP level 6. HP: 35/35 MP: 6/6
  2771 | D:3      | Found a faded altar of an unknown god.
  2872 | D:3      | Found a bloodstained altar of Trog.
  3011 | D:4      | Identified a scroll of acquirement
  3011 | D:4      | Acquired 880 gold pieces
  3099 | D:4      | Noticed an ogre
  3195 | D:4      | Reached skill level 10 in Ranged Weapons
  3209 | D:4      | Reached XP level 7. HP: 27/40 MP: 7/7
  3388 | D:4      | Found an opulent altar of Gozag.
  3538 | D:4      | Reached skill level 11 in Ranged Weapons
  3739 | D:4      | Reached skill level 12 in Ranged Weapons
  3739 | D:4      | Reached XP level 8. HP: 19/44 MP: 8/8
  3843 | D:4      | Noticed a +0 dagger
  3844 | D:4      | Noticed a +0 hand axe
  3845 | D:4      | Found a hide-covered altar of Uskayaw.
  4118 | D:5      | Entered Level 5 of the Dungeon
  4169 | D:5      | Reached skill level 13 in Ranged Weapons
  4415 | D:5      | Reached skill level 14 in Ranged Weapons
  4480 | D:5      | You fall into a shaft and drop 3 floors!
  4568 | D:8      | Reached XP level 9. HP: 48/48 MP: 9/9
  4604 | D:8      | Found a white marble altar of Elyvilon.
  4721 | D:8      | Found Zin's Purification Station.
  4724 | D:8      | Found a glowing silver altar of Zin.
  5109 | D:7      | Noticed a two-headed ogre
  5118 | D:7      | Killed a two-headed ogre
  5119 | D:7      | Reached skill level 16 in Ranged Weapons
  5166 | D:7      | Found a flagged portal.
  5180 | Bailey   | Entered a bailey
  5891 | Bailey   | Reached skill level 5 in Dodging
  5891 | Bailey   | Reached XP level 10. HP: 40/58 MP: 10/10
  5995 | Bailey   | Noticed an orc sorcerer
  5997 | Bailey   | Reached skill level 5 in Fighting
  6009 | Bailey   | Killed an orc sorcerer
  6228 | Bailey   | Found an iron altar of Okawaru.
  6229 | Bailey   | Identified the +2 chain mail "Uguntug" {Rampage rElec rC+
                  | Dex-5}
  6323 | Bailey   | Noticed an orc high priest
  6335 | Bailey   | Killed an orc high priest
  6340 | Bailey   | Became a worshipper of Warmaster Okawaru
  6374 | Bailey   | Identified the +1 robe "Hemnatuc" {rPois}
  6469 | Bailey   | Noticed an orc knight
  6820 | D:7      | Found Recioqoi's Magic Scroll Emporium.
  6823 | D:7      | Bought a scroll of enchant armour for 90 gold pieces
  6823 | D:7      | Bought a scroll of enchant weapon for 90 gold pieces
  6823 | D:7      | Bought a scroll of acquirement for 624 gold pieces
  6823 | D:7      | Acquired a manual of Ranged Weapons
  6882 | D:7      | Reached skill level 1 in Invocations
  7507 | D:7      | Found a runed translucent door.
  7510 | D:7      | Noticed Crazy Yiuf
  7515 | D:7      | Killed Crazy Yiuf
  7742 | D:8      | Found a basalt altar of Yredelemnul.
  7838 | D:8      | Found a shimmering altar of Xom.
  8231 | D:8      | Reached * piety under Okawaru
  8252 | D:9      | Noticed Erolcha
  8258 | D:8      | Reached XP level 11. HP: 67/68 MP: 12/12
  8275 | D:8      | Killed Erolcha
  8524 | D:9      | Found a staircase to the Orcish Mines.
  8527 | D:9      | Noticed Harold
  8544 | D:9      | Killed Harold
  8545 | D:9      | Reached skill level 10 in Dodging
  8551 | D:9      | Identified the ring "Edyabutua" {rF+ Will+ Int+6}
  8565 | D:9      | Reached ** piety under Okawaru
  8738 | D:9      | Noticed Psyche
  8748 | D:9      | Killed Psyche
  8934 | D:9      | Found a broken altar of Ashenzari.
  8986 | D:9      | Found a shimmering blue altar of Sif Muna.
  8995 | D:9      | Found an ancient bone altar of Kikubaaqudgha.
  9002 | D:9      | Found a radiant altar of Vehumet.
  9017 | D:9      | Got Vehumet's Quarto of the Thoughtful Knives
  9289 | D:9      | Found Rethrex's Magic Scroll Emporium.
  9386 | D:10     | Entered Level 10 of the Dungeon
  9412 | D:10     | Found a staircase to the Lair.
  9472 | D:10     | Found a stormy altar of Qazlal.
  9505 | D:10     | Noticed a fire crab
  9647 | D:10     | Killed a fire crab
  9647 | D:10     | Reached *** piety under Okawaru
  9801 | D:10     | Reached skill level 10 in Fighting
  9874 | D:10     | Found an iron altar of Okawaru.
 10388 | D:10     | Found a sparkling altar of Nemelex Xobeh.
 10451 | Lair:1   | Entered Level 1 of the Lair of Beasts
 10685 | Lair:1   | Reached **** piety under Okawaru
 10934 | Lair:1   | Reached XP level 12. HP: 59/79 MP: 14/14
 11614 | Lair:2   | Found a staircase to the Snake Pit.
 11733 | Lair:2   | Reached ***** piety under Okawaru
 11826 | Lair:2   | Found a staircase to the Swamp.
 11858 | Lair:2   | Received a gift from Okawaru
 13362 | Lair:3   | Reached XP level 13. HP: 69/87 MP: 16/16
 13387 | Lair:3   | Reached ****** piety under Okawaru
 13929 | Lair:3   | Reached skill level 5 in Invocations
 13996 | Lair:3   | Received a gift from Okawaru
 14642 | Lair:3   | Got the Compilation of the Jaunt and the Sky
 14777 | Lair:4   | You fall into a shaft and drop 1 floor!
 14777 | Lair:5   | Entered Level 5 of the Lair of Beasts
 14979 | Lair:5   | Reached skill level 15 in Dodging
 15309 | Lair:5   | Noticed a six-headed hydra
 15316 | Lair:5   | Killed a six-headed hydra
 15316 | Lair:5   | Received a gift from Okawaru
 15434 | Lair:5   | Found a staircase to the Slime Pits.
 15434 | Lair:5   | Found a viscous altar of Jiyva.
 15730 | Lair:5   | Reached XP level 14. HP: 69/96 MP: 12/19
 15895 | Lair:5   | Slain by a catoblepas

Illustrated notes

Levels and vault maps discovered:
D:1:      minmay_arrival_four_circles, layout_loops_ring,
          hangedman_abyss_or_decor_lesser_grid, skrybe_limestone_x,
          minmay_misc_feat_ornament, minmay_pentomino_w4
D:2:      layout_basic, uniq_robin, uniq_jessica
D:3:      layout_loops_ring, nicolae_overflow_hidden_temple,
          shapermc_ecumenical_altar_venn
D:4:      layout_cave_pools, amcnicky_altar_gilded, dancing_weapons_uskayaw,
          grunt_ministairs_10, corexii_leaking_fountain, minmay_box_of_dots
D:5:      layout_rooms
D:7:      layout_basic, serial_shops, kennysheep_mini, enter_bailey_7,
          uniq_crazy_yiuf_cottage
D:8:      layout_cave_pods, elyvilon_altar_1, lemuel_crystal_altar, zin_purify,
          mainiacjoe_overflow_chevrons
D:9:      layout_cave_pools, palyth_temple_overflow_mages,
          nicolae_overflow_crystal_walls, orc_0_dummy, serial_shops,
          nicolae_inconvenience_store, uniq_erolcha, uniq_harold, uniq_psyche
D:10:     layout_irregular_city, nicolae_qazlal_general_emergency,
          nemelex_diamond_rough_becter, okawaru_ov_weapons_minmay,
          minmay_lair_entry_lava
D:11:     layout_roguey
Lair:1:   layout_big_grid, grunt_megastairs_4
Lair:2:   layout_loops_ring, skrybe_swamp_entry_bodies,
          guppyfry_snake_entry_garden, grunt_megastairs_1
Lair:3:   layout_cave_pods, bobbens_dragon_lair_wall
Lair:4:   layout_cave_pods, hellmonk_guarded_unrand_vines, lemuel_fruit_tree
Lair:5:   evilmike_catoblepas_cave, layout_big_grid,
          minmay_slime_entry_oklob_open

Skill      XL: |  1  2  3  4  5  6  7  8  9 10 11 12 13 |
---------------+----------------------------------------+-----
Ranged Weapons | 6 7 8 9 10 12 14 16 | 16.0
Dodging        | 5 8 11 13 15 | 15.9
Fighting       | 4 8 10 12 14 | 14.6
Invocations    | 2 3 4 6 |  6.9
Stealth        | |  1.3

Action                   |  1- 3 |  4- 6 |  7- 9 | 10-12 | 13-15 || total
-------------------------+-------+-------+-------+-------+-------++-------
Melee: Shortbow          |       |     2 |       |       |       ||     2
 Fire: Shortbow          |    85 |   146 |   231 |   669 |   359 ||  1490
Invok: Heroism           |       |       |       |     1 |     3 ||     4
       Finesse           |       |       |       |       |     2 ||     2
  Use: Scroll            |     7 |     5 |     8 |    13 |     3 ||    36
       Potion            |       |     1 |     4 |     1 |     5 ||    11
Armor: Leather armour    |     7 |    21 |    28 |    56 |     6 ||   118
       Steam dragon scal |       |       |       |       |    31 ||    31
       Skin              |       |       |       |       |     1 ||     1
Dodge: Dodged            |    39 |    79 |    85 |   306 |   283 ||   792

Table legend: (Time is in decaauts)
 A = Elapsed time spent in this place.
 B = Non-inter-level travel time spent in this place.
 C = Inter-level travel time spent in this place.
 D = Time resting spent in this place.
 E = Time spent auto-exploring this place.
 F = Levels seen in this place.
 G = Mean time per level.
                   A        B        C        D        E       F      G
               +--------+--------+--------+--------+--------+-----+--------+
         Total |  15620 |  15182 |    438 |   3981 |   8847 |  16 |  976.2 |
       Dungeon |   9099 |   8840 |    259 |   1571 |   5912 |  10 |  909.9 |
          Lair |   5245 |   5066 |    179 |   1637 |   2711 |   5 | 1049.0 |
        Bailey |   1275 |   1275 |      0 |    772 |    224 |   1 | 1275.0 |
               +--------+--------+--------+--------+--------+-----+--------+

Top non-repeatable levels by time:
  Lair:3: 1929 daAuts
     D:8: 1539 daAuts
     D:2: 1316 daAuts
  Bailey: 1275 daAuts
  Lair:2: 1191 daAuts
     D:7: 1094 daAuts
  Lair:1: 1047 daAuts
    D:10: 1044 daAuts
     D:4: 1039 daAuts
  Lair:5: 1029 daAuts
     D:1: 929 daAuts
     D:9: 896 daAuts
     D:3: 880 daAuts
     D:5: 357 daAuts
  Lair:4: 48 daAuts
